Map: Ice and Chrome LE

Players

liquidthermy (uThermal) - Winner!

  • Race: Terran Terran
  • Spawn Location: 7:00

HeroMarine

  • Race: Terran Terran
  • League: Master
  • Spawn Location: 1:00

VOD

Have the link to the VOD?

Description

Time

  • Played on: June 26, 2020, 11:38 a.m.
  • Length: 26:13
Show
View Real Time Build Order
Export as new Build Order

liquidthermy Terran - Winner!

Build Orders: Mech 

Get SALT Encoding   

  12  0:01  SCV  
  13  0:13  SCV  
  14  0:17  Supply Depot  
  14  0:25  SCV  
  14  0:27  Refinery  
  15  0:39  SCV  
  16  0:44  Barracks  
  16  0:51  SCV  
  16  0:54  Refinery  
  17  1:03  SCV  
  18  1:15  SCV  
  19  1:31  Reaper, Orbital Command  
  20  1:33  Factory  
  20  1:42  Supply Depot  
  20  1:57  SCV  
  21  2:03  Reaper  
  22  2:09  SCV  
  23  2:17  Hellion  
  23  2:21  SCV  
  26  2:25  Command Center  
  26  2:33  SCV  
  26  2:35  Reaper  
  28  2:38  Hellion  
  28  2:41  Supply Depot  
  30  2:46  SCV  
  31  2:52  Starport  
  31  3:02  SCV  
  31  3:03  Factory Tech Lab  
  32  3:07  Barracks Tech Lab  
  32  3:14  SCV  
  33  3:22  Cyclone  
  33  3:26  SCV  
  37  3:27  Refinery  
  37  3:39  SCV  
  37  3:40  Raven  
  39  3:41  Orbital Command  
  39  3:51  SCV  
  40  3:56  Cyclone  
  43  4:03  SCV  
  43  4:07  Command Center  
  43  4:09  SCV  
  45  4:16  SCV, Refinery  
  46  4:21  SCV  
  46  4:23  Raven  
  49  4:26  Supply Depot  
  49  4:28  SCV  
  50  4:33  SCV  
  50  4:35  Siege Tank  
  54  4:42  Supply Depot  
  54  4:48  SCV x2  
  56  5:00  SCV x2  
  56  5:05  Raven  
  56  5:06  Engineering Bay  
  60  5:07  Supply Depot, Siege Tank  
  60  5:12  SCV x2  
  65  5:14  Barracks Reactor  
  65  5:21  Supply Depot  
  65  5:24  SCV x2  
  67  5:36  SCV x2  
  67  5:37  Missile Turret  
  67  5:39  Missile Turret, Refinery  
  67  5:42  Siege Tank  
  72  5:43  Missile Turret, Refinery  
  72  5:48  SCV x2  
  74  5:53  Orbital Command  
  74  5:58  Viking  
  74  5:59  Viking  
  74  6:01  SCV x2  
  80  6:13  SCV, Factory  
  80  6:14  Factory, Siege Tank  
  84  6:18  Barracks Reactor  
  84  6:19  SCV x2  
  84  6:25  SCV  
  87  6:27  Supply Depot  
  87  6:31  SCV x2  
  89  6:34  Viking x2  
  89  6:37  SCV  
  94  6:40  Supply Depot  
  94  6:43  SCV  
  94  6:44  SCV  
  96  6:49  SCV, Siege Tank  
  100  6:55  Armory, SCV  
  100  6:56  Armory  
  100  7:00  SCV  
  102  7:02  Supply Depot  
  102  7:04  Viking  
  102  7:05  SCV, Supply Depot  
  105  7:08  Viking  
  105  7:09  SCV  
  105  7:12  SCV  
  105  7:15  Supply Depot  
  109  7:16  Siege Tank  
  109  7:18  Hellion  
  109  7:20  Hellion  
  109  7:21  SCV  
  117  7:23  SCV  
  117  7:29  SCV  
  119  7:31  Supply Depot, Siege Tank  
  119  7:33  SCV  
  119  7:36  Viking  
  124  7:38  Viking  
  124  7:41  Supply Depot  
  124  7:42  Hellion x2  
  130  7:46  Terran Vehicle Weapons Level 1, Terran Vehicle And Ship Armor Level 1  
  130  7:55  Factory, Siege Tank  
  130  7:57  Factory  
  131  8:04  Hellion  
  131  8:05  Hellion, Command Center  
  133  8:08  Viking  
  133  8:11  Viking  
  137  8:16  Siege Tank  
  137  8:17  Supply Depot  
  140  8:26  Supply Depot x2, Sensor Tower  
  139  8:30  Siege Tank  
  142  8:36  Supply Depot, Infernal Pre-Igniter  
  142  8:39  Factory Tech Lab  
  142  8:40  Factory Reactor  
  142  8:41  Supply Depot  
  142  8:44  Viking  
  144  8:49  Supply Depot x2, Siege Tank  
  144  8:51  Viking  
  144  8:53  Hellion  
  151  9:00  Smart Servos  
  151  9:02  Siege Tank  
  154  9:14  Viking  
  156  9:19  Hellion x2, Command Center  
  156  9:21  Viking  
  162  9:26  Siege Tank  
  162  9:29  Hellion  
  162  9:30  SCV, Hellion  
  170  9:32  SCV  
  170  9:33  SCV  
  172  9:41  Thor  
  172  9:42  SCV  
  179  9:53  Thor  
  179  9:54  Refinery  
  179  9:55  Refinery  
  179  9:56  Medivac, Missile Turret  
  179  9:58  Medivac  
  189  10:03  Missile Turret  
  189  10:07  Missile Turret  
  189  10:08  Planetary Fortress  
  189  10:09  Missile Turret  
  189  10:16  Terran Vehicle Weapons Level 2  
  189  10:18  SCV, Missile Turret  
  189  10:21  Missile Turret  
  190  10:23  Hellion x3  
  190  10:26  Medivac  
  198  10:28  Medivac  
  200  10:39  Command Center  
  200  10:42  Supply Depot  
  200  11:08  Missile Turret  
  200  11:09  Missile Turret  
  200  11:10  Missile Turret  
  200  11:11  Missile Turret  
  200  11:17  Terran Vehicle And Ship Armor Level 2  
  200  11:19  Starport, Fusion Core  
  200  11:20  Starport  
  200  11:24  Planetary Fortress  
  200  11:26  Command Center  
  200  11:29  Command Center  
  175  11:54  Thor  
  175  11:55  Hellion  
  175  11:56  Hellion x2, Siege Tank  
  175  11:57  Hellion  
  175  12:01  Viking x2  
  186  12:05  Thor  
  183  12:27  Hellion  
  183  12:28  Hellion, Refinery, Thor  
  164  12:30  Hellion  
  164  12:33  Refinery  
  164  12:35  Hellion x3  
  149  12:37  Thor  
  149  12:42  Terran Vehicle Weapons Level 3  
  142  12:45  Hellion  
  142  12:46  Orbital Command x2  
  142  12:48  Orbital Command, Siege Tank  
  146  12:54  Hellion  
  145  12:59  Viking x2  
  145  13:01  SCV x2  
  145  13:03  SCV  
  152  13:08  Hellion  
  152  13:11  Siege Tank  
  157  13:15  Hellion x2  
  161  13:20  Siege Tank  
  161  13:23  Siege Tank  
  161  13:24  Hellion  
  169  13:30  Viking, Hellion  
  173  13:35  SCV x2  
  173  13:36  Hellion  
  173  13:37  Missile Turret  
  173  13:38  Missile Turret  
  173  13:40  Terran Vehicle And Ship Armor Level 3  
  177  13:43  Siege Tank  
  177  13:45  Hellion  
  177  13:47  Advanced Ballistics  
  180  13:49  Hellion  
  180  13:52  Siege Tank  
  177  13:55  Siege Tank  
  177  13:56  Viking  
  177  13:59  Viking x2  
  186  14:02  Viking  
  186  14:08  Hellion  
  186  14:09  Hellion x2  
  194  14:15  Hellion  
  194  14:17  Command Center  
  194  14:20  Siege Tank  
  193  14:25  Hellion  
  193  14:26  Viking  
  193  14:28  Hellion  
  193  14:29  Viking x2  
  193  14:30  Hellion  
  199  14:36  Orbital Command  
  199  14:43  Command Center  
  199  14:47  Command Center  
  199  14:49  Siege Tank  
  200  15:01  Siege Tank  
  200  15:02  Hellion, Siege Tank  
  200  15:05  Viking  
  200  15:14  Hellion x2  
  200  15:15  Hellion  
  200  15:17  Liberator x2  
  171  15:23  Hellion, Orbital Command  
  171  15:26  Viking  
  163  15:32  Terran Ship Weapons Level 1  
  154  15:36  Thor x3  
  154  15:37  Hellion x2  
  154  15:38  Viking  
  174  15:55  Orbital Command  
  174  15:56  Viking  
  176  16:00  Viking x2  
  176  16:02  Missile Turret  
  176  16:03  Missile Turret  
  180  16:10  Neosteel Armor  
  180  16:12  Viking  
  182  16:18  Thor  
  182  16:23  Thor  
  186  16:26  Viking  
  186  16:27  Planetary Fortress  
  186  16:30  Viking, Refinery  
  186  16:31  Refinery  
  190  16:36  Command Center  
  190  16:39  Viking  
  192  16:42  Viking  
  194  16:50  Starport  
  194  16:52  Starport, Thor  
  194  16:54  Mag-Field Accelerator, Drilling Claws  
  197  16:56  Viking  
  199  17:11  Missile Turret  
  196  17:17  Missile Turret  
  196  17:18  Viking x2  
  197  17:33  Viking x2  
  197  17:50  Hi-Sec Auto Tracking  
  197  17:55  Viking  
  197  17:56  Viking  
  197  17:59  Viking  
  194  18:17  Viking  
  194  18:18  Thor x2  
  192  18:20  Siege Tank  
  192  18:21  Hellion  
  189  18:29  Hellion  
  189  18:30  Viking  
  189  18:34  Viking  
  197  18:40  Hellion  
  192  18:41  SCV, Starport  
  192  18:47  Hellion x2  
  185  18:48  Viking  
  185  18:51  Orbital Command  
  185  18:52  Orbital Command, Siege Tank  
  185  18:54  Terran Ship Weapons Level 2, Starport  
  185  18:55  Orbital Command  
  190  19:01  Thor, Siege Tank  
  199  19:08  Missile Turret, Refinery  
  199  19:09  Missile Turret x2  
  199  19:10  Refinery  
  199  19:14  Viking  
  199  19:16  Viking  
  198  19:18  Viking  
  198  19:19  Missile Turret x2  
  198  19:22  Missile Turret  
  194  19:27  Viking  
  193  19:41  Thor  
  193  19:44  Viking  
  182  19:45  Thor x2  
  182  19:46  Viking  
  182  19:48  Viking  
  190  19:55  SCV  
  190  19:57  Viking  
  191  20:01  Hellion x3  
  191  20:02  SCV  
  193  20:12  SCV  
  193  20:13  SCV, Refinery  
  190  20:14  Viking  
  190  20:16  Viking  
  190  20:19  Viking  
  195  20:23  Hellion x2  
  195  20:25  SCV x2  
  195  20:26  SCV  
  200  20:28  Hellion x5  
  200  20:30  Orbital Command  
  200  20:39  Sensor Tower  
  200  20:41  Missile Turret  
  200  20:42  Missile Turret x2  
  200  20:43  Missile Turret  
  195  21:16  Thor  
  192  21:23  Thor  
  192  21:25  Viking x2  
  200  21:35  Orbital Command  
  196  21:45  Viking  
  196  21:46  Viking  
  196  21:50  SCV  
  197  21:55  SCV  
  197  21:59  Viking x2  
  197  22:00  Thor x2  
  197  22:01  Hellion  
  192  22:07  Siege Tank  
  180  22:10  Hellion  
  180  22:13  Hellion  
  164  22:15  Viking  
  164  22:16  Viking  
  164  22:19  Orbital Command  
  164  22:22  Hellion  
  164  22:29  Viking  
  166  22:30  Orbital Command  
  166  22:34  Viking  
  166  22:35  Hellion  
  170  22:37  SCV  
  170  22:39  Siege Tank  
  170  22:43  Thor  
  151  22:50  Widow Mine x2  
  130  22:56  Hellion  
  130  22:58  Missile Turret, Siege Tank  
  126  23:00  Missile Turret  
  126  23:01  Missile Turret  
  126  23:04  SCV, Missile Turret  
  126  23:05  SCV  
  128  23:11  Hellion, Widow Mine x2, Liberator x2  
  138  23:14  Liberator  
  138  23:17  Liberator  
  138  23:19  Hellion  
  139  23:26  Siege Tank  
  139  23:30  Hellion  
  139  23:32  Siege Tank  
  139  23:33  Hellion  
  146  23:38  Hellion  
  146  23:41  Hellion  
  138  23:51  Siege Tank  
  138  23:54  Hellion  
  143  23:57  Viking  
  143  23:58  Siege Tank  
  143  23:59  Hellion  
  143  24:02  Hellion  
  152  24:04  Siege Tank  
  149  24:16  Hellion  
  132  24:20  Liberator  
  132  24:21  Hellion  
  132  24:23  Widow Mine  
  132  24:24  Widow Mine  
  141  24:32  Siege Tank  
  141  24:34  Hellion x6  
  141  24:37  Hellion  
  146  24:44  Hellion  
  148  24:48  SCV x2  
  148  24:52  Hellion  
  149  25:01  Siege Tank  
  149  25:02  Hellion  
  133  25:08  Hellion  
  133  25:11  Hellion  
  105  25:17  Hellion, Siege Tank  
  105  25:20  Viking  
  103  25:33  Hellion, Siege Tank  
  103  25:34  Hellion  
  103  25:35  SCV  
  111  25:42  Hellion  
  117  25:53  SCV x2  
Show
View Real Time Build Order
Export as new Build Order

HeroMarine Terran 

Build Orders:  

Get SALT Encoding   

  12  0:00  SCV  
  13  0:13  SCV  
  14  0:17  Supply Depot  
  14  0:25  SCV  
  14  0:27  Refinery  
  15  0:38  SCV  
  16  0:43  Barracks  
  16  0:50  SCV  
  16  0:55  Refinery  
  17  1:03  SCV  
  18  1:15  SCV  
  19  1:30  Reaper, Orbital Command  
  20  1:34  Factory  
  20  1:42  Supply Depot  
  20  1:55  SCV  
  21  2:02  Reaper  
  21  2:07  SCV  
  23  2:18  Hellion  
  23  2:20  SCV  
  26  2:26  Command Center  
  26  2:32  SCV  
  26  2:34  Supply Depot  
  26  2:35  Barracks Reactor  
  27  2:39  Factory Tech Lab  
  27  2:44  SCV  
  28  2:50  Starport  
  28  2:56  SCV  
  29  3:00  Cyclone  
  32  3:08  SCV  
  32  3:11  Marine x2  
  35  3:18  Refinery  
  35  3:20  SCV  
  35  3:26  Starport Tech Lab  
  36  3:29  Marine x2  
  36  3:32  SCV  
  39  3:39  Orbital Command  
  38  3:44  SCV  
  38  3:45  Raven  
  41  3:49  Marine x2  
  43  3:56  SCV  
  43  3:58  Siege Tank  
  47  4:05  SCV  
  47  4:08  SCV  
  49  4:10  Supply Depot  
  51  4:18  SCV  
  51  4:21  SCV  
  51  4:26  Command Center  
  51  4:28  Raven  
  53  4:32  SCV  
  53  4:33  SCV  
  53  4:38  Supply Depot  
  53  4:43  Siege Tank  
  53  4:44  SCV  
  58  4:45  SCV  
  58  4:49  Supply Depot  
  58  4:55  Marine  
  58  4:56  SCV, Marine  
  58  4:57  SCV  
  62  5:08  SCV  
  62  5:09  SCV  
  62  5:11  Raven  
  65  5:17  Barracks  
  65  5:19  Barracks  
  65  5:20  SCV  
  66  5:21  Siege Tank  
  66  5:22  SCV  
  70  5:29  Marine x2  
  70  5:32  SCV  
  70  5:34  SCV, Refinery  
  74  5:37  Orbital Command  
  74  5:44  SCV  
  74  5:46  SCV  
  78  5:51  Engineering Bay  
  78  5:52  Engineering Bay  
  78  5:54  Siege Tank  
  78  5:56  SCV  
  82  5:58  SCV  
  82  6:01  Orbital Command  
  81  6:05  Starport Reactor  
  81  6:08  SCV  
  81  6:09  Supply Depot x2  
  81  6:10  SCV  
  83  6:11  Stimpack, Barracks Tech Lab  
  83  6:12  Marauder  
  85  6:21  SCV, Marine x2  
  85  6:22  SCV  
  85  6:23  Terran Infantry Weapons Level 1, Terran Infantry Armor Level 1  
  89  6:27  SCV  
  90  6:33  SCV, Barracks  
  90  6:34  SCV, Combat Shield, Barracks  
  90  6:39  SCV  
  93  6:42  Marauder x2  
  93  6:45  SCV  
  93  6:46  SCV, Siege Tank  
  102  6:50  Refinery x2  
  102  6:54  SCV  
  102  6:55  Supply Depot x2  
  102  6:57  SCV  
  102  6:58  SCV  
  102  6:59  Marine x2  
  106  7:02  Medivac  
  108  7:08  SCV  
  108  7:10  Supply Depot  
  108  7:13  Supply Depot  
  109  7:16  SCV x2, Medivac  
  109  7:17  Marauder  
  109  7:18  Marauder  
  109  7:21  SCV  
  109  7:22  Barracks Reactor, Barracks Tech Lab  
  118  7:28  SCV x2  
  120  7:31  Command Center  
  120  7:34  Supply Depot  
  120  7:36  Medivac  
  122  7:41  Concussive Shells  
  122  7:43  Marauder x2  
  122  7:44  Marauder  
  128  7:46  Medivac  
  128  7:48  Marine x2  
  128  7:49  Supply Depot  
  132  7:52  SCV x3  
  135  7:59  Siege Tank  
  135  8:00  Marine x2  
  135  8:04  Armory  
  135  8:05  Marauder x3  
  146  8:11  Supply Depot  
  146  8:15  Supply Depot, Marine x2  
  149  8:26  Marauder x2, Marine  
  153  8:27  Viking  
  153  8:28  Viking, Starport  
  153  8:30  Barracks Reactor  
  157  8:40  SCV x3, Supply Depot  
  160  8:44  Marauder  
  160  8:47  Marauder  
  160  8:48  Marauder  
  166  8:54  Terran Infantry Armor Level 2, Terran Infantry Weapons Level 2  
  166  8:57  Terran Ship Weapons Level 1, Viking  
  166  8:58  Viking  
  166  9:00  SCV x3  
  171  9:13  Marauder x3, Marine x4, Barracks  
  171  9:14  Viking  
  171  9:15  Barracks  
  183  9:17  Planetary Fortress  
  183  9:19  SCV x2  
  183  9:21  SCV  
  186  9:28  Refinery x2  
  186  9:31  Viking x3  
  196  9:49  Command Center  
  196  9:54  Armory  
  196  9:56  Viking  
  194  10:01  Viking  
  194  10:04  Barracks  
  196  10:12  Barracks Tech Lab  
  196  10:13  Barracks Reactor  
  196  10:18  Command Center, Starport  
  196  10:19  Viking, Starport  
  196  10:20  Viking, Command Center  
  200  10:29  Fusion Core  
  200  10:34  Viking x2  
  196  10:45  Terran Vehicle And Ship Armor Level 1  
  196  10:49  Viking  
  198  10:50  Viking  
  180  11:05  Siege Tank  
  180  11:09  Liberator x2  
  180  11:10  Marauder x3  
  195  11:15  Command Center  
  195  11:21  Starport Tech Lab  
  195  11:22  Advanced Ballistics  
  195  11:25  Terran Ship Weapons Level 2  
  194  11:26  Starport Tech Lab  
  192  11:37  Viking x2  
  196  11:43  Marauder x2  
  196  11:45  Marauder x2  
  196  11:51  Marine  
  196  11:52  Marine  
  179  11:59  Viking x2  
  179  12:00  Battlecruiser  
  172  12:01  Marine  
  172  12:02  Marine  
  172  12:03  Marine x2  
  172  12:05  Viking, Marauder x2  
  172  12:06  Marauder x2  
  172  12:07  Viking  
  188  12:09  Orbital Command  
  188  12:10  Orbital Command, Barracks Tech Lab  
  188  12:16  Viking  
  175  12:25  Marine  
  175  12:26  Marauder x2  
  175  12:27  Marauder x2  
  175  12:29  Viking, Marauder, Marine x2  
  158  12:33  Medivac  
  158  12:35  Medivac  
  137  12:41  Weapon Refit  
  134  12:44  SCV x3  
  134  12:45  SCV x3  
  134  12:46  Medivac  
  134  12:47  Marauder x2  
  134  12:49  Medivac, Marauder x2  
  134  12:51  Marauder  
  153  12:58  Planetary Fortress, Refinery  
  153  13:00  Refinery  
  153  13:01  Terran Vehicle And Ship Armor Level 2  
  153  13:03  Orbital Command  
  153  13:05  Marine x3  
  154  13:06  Marine x3  
  154  13:08  Marine  
  154  13:09  Marauder  
  160  13:23  SCV x3  
  160  13:24  SCV  
  158  13:27  Battlecruiser  
  158  13:29  Battlecruiser  
  158  13:31  SCV  
  158  13:32  SCV  
  171  13:35  SCV x2  
  171  13:40  Smart Servos  
  172  13:46  Marauder x2, Marine  
  172  13:47  Marine  
  172  13:48  Marauder x2  
  183  13:50  Marauder  
  183  13:51  Marine x2  
  183  13:53  Viking x2  
  187  13:56  Viking  
  187  14:00  Sensor Tower  
  189  14:04  Terran Infantry Weapons Level 3  
  189  14:06  Viking  
  190  14:14  Marauder x2  
  194  14:21  Rapid Reignition System  
  187  14:27  SCV x2  
  188  14:34  Command Center  
  188  14:35  Terran Ship Weapons Level 3  
  188  14:36  Command Center  
  194  14:39  Terran Infantry Armor Level 3  
  194  14:44  Viking x2  
  197  14:48  Viking  
  197  14:50  Marauder  
  196  15:02  Viking x2  
  196  15:05  Marauder  
  196  15:06  Marauder x2  
  191  15:12  Marauder, Marine  
  188  15:14  Viking x2, Marauder  
  140  15:21  Marine x3  
  140  15:26  Marauder  
  140  15:27  Marine  
  140  15:28  Marine  
  139  15:29  Marine x2  
  139  15:33  Marauder  
  141  15:39  Viking, Starport  
  141  15:42  Liberator x3  
  140  15:45  Terran Vehicle And Ship Armor Level 3  
  140  15:46  Starport  
  140  15:49  Orbital Command  
  146  15:51  Command Center  
  146  15:54  Medivac x2  
  150  15:58  Marauder x5  
  150  15:59  Marine x2  
  150  16:00  Marine  
  150  16:02  Marine x2  
  165  16:04  Marine  
  165  16:14  Viking  
  165  16:17  Marine x2  
  168  16:24  Viking, Liberator  
  168  16:25  Liberator  
  175  16:26  Planetary Fortress  
  175  16:28  Marauder x2  
  175  16:29  Marauder x2  
  175  16:32  Marauder  
  185  16:33  Liberator  
  185  16:37  Refinery  
  188  16:40  Refinery  
  188  16:45  Viking x2  
  192  16:50  Viking, Marauder x3  
  199  16:54  Command Center  
  199  17:08  Command Center  
  199  17:09  Missile Turret  
  199  17:18  Hi-Sec Auto Tracking, Neosteel Armor  
  197  17:33  Viking  
  199  17:37  Starport Reactor  
  199  17:41  Corvid Reactor  
  197  17:50  Liberator x2  
  183  18:11  Marauder x2  
  167  18:14  Viking, Liberator x3  
  167  18:15  Viking x3  
  167  18:16  Marauder  
  167  18:18  Marauder  
  167  18:19  Marine  
  181  18:25  Marauder, Marine x2  
  180  18:29  Marine x2  
  180  18:30  Marine  
  180  18:32  Marauder x2, Liberator  
  180  18:33  Liberator  
  193  18:37  Marine  
  193  18:38  Marauder  
  193  18:39  Marine  
  197  18:42  Orbital Command  
  197  18:43  Marine x2, Liberator  
  185  18:49  Medivac, Marauder  
  185  18:51  Raven  
  185  18:53  Raven, Marauder  
  193  18:56  Marauder  
  195  19:03  Marine x2  
  195  19:07  Marauder  
  196  19:37  Viking x2  
  190  19:43  Viking, Marauder x2  
  190  19:44  Marauder x3  
  191  19:45  Medivac  
  191  19:46  Medivac x3, Planetary Fortress  
  191  19:49  Marine  
  179  19:53  Marine  
  179  19:57  Medivac  
  179  19:59  Marine  
  183  20:04  Marauder x2  
  183  20:05  Marauder  
  183  20:06  Marauder x2  
  180  20:18  Marine x2  
  180  20:19  Marine x2  
  180  20:26  Raven, Marauder x2  
  180  20:27  Raven, Marauder  
  189  20:29  Marauder x2  
  193  20:40  Marine x2  
  193  20:41  Orbital Command, Refinery  
  195  20:47  Marauder x2  
  199  20:54  Refinery  
  199  20:55  Refinery  
  188  21:13  Marauder  
  188  21:16  Marauder  
  181  21:18  Marauder  
  181  21:19  Marine x2  
  181  21:22  SCV  
  181  21:23  SCV x6  
  184  21:30  Medivac  
  184  21:31  Medivac, Raven x2  
  184  21:32  Starport Tech Lab, Marine x2  
  196  21:33  Marauder x2  
  196  21:34  Marauder, Marine x2  
  192  21:50  Marauder x2  
  181  22:02  Marauder  
  181  22:05  Viking x3, Marauder, Marine  
  181  22:08  Marauder  
  185  22:10  Marine x3  
  185  22:11  Marauder  
  185  22:12  Marauder  
  137  22:16  Marine x2  
  132  22:22  Marine  
  132  22:23  Marauder  
  132  22:26  Marauder  
  132  22:28  Raven x2, Marine x2  
  132  22:29  Marauder  
  143  22:31  Marine  
  143  22:33  Marauder x2  
  137  22:45  Marauder  
  137  22:46  Marine x2  
  137  22:48  Marauder  
  137  22:50  Orbital Command  
  136  22:55  SCV x6  
  136  22:58  Medivac, Marine  
  144  22:59  Marine x2  
  144  23:01  Marauder x2  
  144  23:03  SCV  
  152  23:07  SCV  
  152  23:08  Marauder x2, Marine  
  152  23:09  Marine  
  152  23:12  Marauder  
  159  23:15  SCV x2  
  159  23:17  SCV x2  
  158  23:24  Medivac  
  160  23:30  Medivac  
  160  23:36  Marine  
  155  23:43  Marauder  
  155  23:46  SCV x4  
  127  24:11  Marauder x3  
  107  24:17  Marauder, Marine x2  
  107  24:18  Marauder, Marine x2  
  107  24:19  Marine x2  
  115  24:31  Marine  
  115  24:32  Marauder  
  115  24:33  Marauder  
  115  24:35  Marine  
  115  24:38  Marine  
  122  24:39  Marauder x2, Marine  
  123  24:50  Marauder  
  125  24:54  Marauder  
  125  24:56  Marauder  
  129  25:00  Marauder x2  
  129  25:02  Marine  
  58  25:23  Medivac x2  
  57  25:31  Marine x5  
  57  25:34  Marine  
  63  25:39  Marine  
  64  25:47  Marine  
  65  25:53  Marine  
Tags
 
Composition
Mech
League
Master
Matchup
TvT
Race
Terran
Spawn Locations
Cross Positions
Add a new tag
Caveats
  • Supply blocks, unpowered buildings, or Contaminate may cause inaccurate times.
  • Supply counts are checked every 10 seconds.